 Dungeon Crawl Stone Soup version 0.29.1-15-g9cfb28693d (console) character file.

Game seed: 12789472018452438839

7 sentinel the Digger (level 2, 17/20 HPs)
             Began as a Meteoran Earth Elementalist on Aug 19, 2023.
             Quit the game on level 1 of the Dungeon.
             The game lasted 00:00:04 (51 turns).

sentinel the Digger (Meteoran Earth Elementalist)     Turns: 51, Time: 00:00:05

Health: 17/20      AC:  2    Str:  9    XL:     2   Next: 23%
Magic:  1/6        EV: 12    Int: 16    God:
Gold:   0          SH:  0    Dex: 14    Spells: 5/6 levels left

rFire   . . .      SeeInvis .   (no weapon)
rCold   . . .      Faith    .   (no shield)
rNeg    . . .      Spirit   .   a - +0 robe
rPois   .          Reflect  .   (no helmet)
rElec   .          Harm     .   (no cloak)
rCorr   .          Rampage  .   (no gloves)
Will    .....                   (no boots)
Stlth   +.........              (no amulet)
HPRegen 0.06/turn               (no ring)
MPRegen 0.10/turn               (no ring)

@: glowing
A: sense surroundings 1, otherworldly, glowing, explore regen
a: no special abilities


You were on level 1 of the Dungeon.
You visited 1 branch of the dungeon, and saw 1 of its levels.

Inventory:

Armour
 a - a +0 robe (worn)
Potions
 b - a potion of magic


   Skills:
 - Level 2.4 Dodging
 - Level 1.4 Stealth
 - Level 2.6 Spellcasting
 - Level 1.2 Transmutations
 + Level 4.3 Earth Magic


You had 5 spell levels left.
You knew the following spells:

 Your Spells              Type           Power      Damage    Failure   Level
a - Sandblast             Erth           30%        2d9       3%          1

Your spell library contained the following spells:

 Spells                   Type           Power      Damage    Failure   Level
 Passwall                 Tmut/Erth      9%         N/A       10%         2
 Stone Arrow              Conj/Erth      18%        3d8       24%         3
 Petrify                  Tmut/Erth      11%        N/A       52%         4


Dungeon Overview and Level Annotations

Branches:
Dungeon (1/15) Zot: 545

Altars:


Innate Abilities, Weirdness & Mutations

You passively map a small area around you.
You are easily found by Zot.
You glow in the dark.
You regain HP and MP as you explore.


Message History

Unknown command.
But you're not safe!
Unknown command.
But you're not safe!
Unknown command.
But you're not safe!
Unknown command.
The blast of sand hits the kobold.
You kill the kobold!
You can't see any susceptible monsters within range! (Use Z to cast anyway.) Unknown command.
You can't see any susceptible monsters within range! (Use Z to cast anyway.) Unknown command.
You can't see any susceptible monsters within range! (Use Z to cast anyway.) Unknown command.
You can't see any susceptible monsters within range! (Use Z to cast anyway.) Unknown command.
No target in view!
No target in view!
You can't see any susceptible monsters within range! (Use Z to cast anyway.) Unknown command.
You can't see any susceptible monsters within range! (Use Z to cast anyway.) Unknown command.
You can't see any susceptible monsters within range! (Use Z to cast anyway.) Unknown command.
You can't see any susceptible monsters within range! (Use Z to cast anyway.) Unknown command.
No target in view!
No target in view!
You can't see any susceptible monsters within range! (Use Z to cast anyway.) Unknown command.
You can't see any susceptible monsters within range! (Use Z to cast anyway.) Unknown command.
You can't see any susceptible monsters within range! (Use Z to cast anyway.) Unknown command.
You can't see any susceptible monsters within range! (Use Z to cast anyway.) Unknown command.
A frilled lizard comes into view.
Unknown command.
But you're not safe!
Unknown command.
But you're not safe!
Unknown command.
But you're not safe!
Unknown command.
But you're not safe!
Unknown command.
Things that are here:
a +0 dagger; 3 stones The blast of sand hits the frilled lizard!
You kill the frilled lizard!
You can't see any susceptible monsters within range! (Use Z to cast anyway.) Unknown command.
You can't see any susceptible monsters within range! (Use Z to cast anyway.) Unknown command.
You can't see any susceptible monsters within range! (Use Z to cast anyway.) Unknown command.
You can't see any susceptible monsters within range! (Use Z to cast anyway.) Unknown command.
No target in view!
No target in view!
You can't see any susceptible monsters within range! (Use Z to cast anyway.) Unknown command.
You can't see any susceptible monsters within range! (Use Z to cast anyway.) Unknown command.
You can't see any susceptible monsters within range! (Use Z to cast anyway.) Unknown command.
You can't see any susceptible monsters within range! (Use Z to cast anyway.) Unknown command.
No target in view!
No target in view!
You can't see any susceptible monsters within range! (Use Z to cast anyway.) Unknown command.
You can't see any susceptible monsters within range! (Use Z to cast anyway.) Unknown command.
You can't see any susceptible monsters within range! (Use Z to cast anyway.) Unknown command.
You can't see any susceptible monsters within range! (Use Z to cast anyway.) Unknown command.
A frilled lizard comes into view.
The frilled lizard hisses angrily.
Unknown command.
But you're not safe!
Unknown command.
But you're not safe!
Unknown command.
But you're not safe!
Unknown command.
But you're not safe!
Unknown command.
A quokka comes into view.
A rat comes into view.
A rat and a frilled lizard come into view.
Found a blue potion, 12 gold pieces and a ring mail.
The frilled lizard hisses angrily.
An endoplasm comes into view.
The blast of sand hits the rat.
You kill the rat!
Unknown command.
The blast of sand hits the frilled lizard!
You kill the frilled lizard!
Unknown command.
The blast of sand hits the endoplasm!
You kill the endoplasm!
The quokka closely misses you.
Your Earth Magic skill increases to level 4!
You have reached level 2!
Unknown command.
The blast of sand hits the quokka!
You kill the quokka!
The rat closely misses you.
Unknown command.
You hit the rat but do no damage. The rat bites you.
You barely miss the rat. The rat bites you.
The blast of sand hits the rat!
You kill the rat!
Unknown command.
You are out of magic!
Unknown command.
You are out of magic!
Unknown command.
You hit the frilled lizard but do no damage.
The frilled lizard bites you but does no damage.
You closely miss the frilled lizard.
The frilled lizard bites you but does no damage.
The blast of sand hits the frilled lizard!
You kill the frilled lizard!
Unknown command.
You are out of magic!
Unknown command.
You are out of magic!
Unknown command.
You are out of magic!
Unknown command.
An endoplasm and a giant cockroach come into view.
Found a potion of magic and 10 stones.
The endoplasm quivers.
Unknown command.
But you're not safe!
Unknown command.
But you're not safe!
Unknown command.
But you're not safe!
Unknown command.
But you're not safe!
Unknown command.
Unknown command.
Unknown command.
Unknown command.
Unknown command.
Are you sure you want to abandon this character and quit the game? (Confirm with "yes".)

........# * *
.######.# * ,
#.# #.# *, #.#
#)# #.####
#!.#######....#
#......@......#
#..####†####..#
* * #... ..#
#†.... *..# *
,#....!.J .#
.....8.(.. ##
..#...$(B.#.
..##..[..##.# *
* * *


You could see an endoplasm and a giant cockroach.

Vanquished Creatures
  An endoplasm (D:1)
  A kobold (D:1)
  A quokka (D:1)
  3 frilled lizards (D:1)
  2 rats (D:1)
8 creatures vanquished.

Notes
Turn   | Place    | Note
-------+----------+-------------------------------------------
     0 | D:1      | sentinel the Meteoran Earth Elementalist began the quest
                  | for the Orb.
     0 | D:1      | Reached XP level 1. HP: 14/14 MP: 5/5
    43 | D:1      | Reached skill level 4 in Earth Magic
    43 | D:1      | Reached XP level 2. HP: 20/20 MP: 2/6
    51 | D:1      | Quit the game

Illustrated notes

Levels and vault maps discovered:
D:1:      ncdulo_smallfort, layout_rooms, minmay_nonomino_d4

Skill      XL: |  1 |
---------------+----+-----
Earth Magic    | 4 |  4.3
Dodging        | |  2.4
Stealth        | |  1.4
Spellcasting   | |  2.6
Transmutations | |  1.2

Action                   || total
-------------------------++-------
Melee: Unarmed           ||     4
 Cast: Sandblast         ||     8
Armor: Robe              ||     2
Dodge: Dodged            ||     2
